[Event "*** SCC Grand Prix: Titled Tuesday Blitz"]
[Site "Chess.com"]
[Date "2020.09.29"]
[Round "9"]
[White "DishonorOnYourCow"]
[Black "MashaFromRussia"]
[Result "1/2-1/2"]
[WhiteElo "2408"]
[BlackElo "2414"]
[TimeControl "180+1"]
[EndTime "11:48:14 PDT"]
[Termination "Game drawn - insufficient material"]

1. d4 Nf6 2. c4 g6 3. Nc3 Bg7 4. e4 d6 5. f4 O-O 6. Nf3 c5 7.
d5 e6 8. dxe6 Bxe6 9. Bd3 Nc6 10. f5 Bd7 11. O-O Re8 12. fxg6 hxg6 13. Bg5 Qb6 14. Qd2 Bg4 15. h3 Be6 16. Bh6 Nd4 17. Bxg7 Kxg7 18. Qg5 Nh7 19. Qg3 Qxb2 20. Nxd4 Qxc3 21.
Nb5 Qe5 22. Qxe5+ dxe5 23. Nc7 Red8 24. Nxa8 Rxd3 25. Nc7 Bxc4 26. Rfc1 b5 27. a4 Rd7 28. Nxb5 Bd3 29. Rxc5 Bxe4 30. Rxe5 Nf6 31. Rc1 Rd2 32. Rc7 Rxg2+ 33. Kf1 Ra2 34. Nd6 Bg2+ 35. Ke1 Nd5 36. Rxf7+ Kh6 37. Re2 Ra1+ 38. Kf2 Bxh3 39. Rf8 Bg4 40.
Re5 Kg7 41. Ra8 Ra2+ 42. Kg3 Nf6 43. Rxa7+ Kh6 44. Nf7+ Kg7 45. Ng5+ Kh6 46. Nf7+ Kg7 47. Nd8+ Kh6 48. Ra6 Ra3+ 49. Kg2 Bf3+ 50. Kg1 Nh5 51. Ree6 Ng3 52. Rf6 Kh5 53. Kf2 Bg4 54. Kg1 Ra1+ 55. Kg2 Ne4 56. Nf7 Ra2+ 57. Kf1 Nxf6 58. Rxf6 Rxa4 59.
Nh8 Ra1+ 60. Kf2 g5 61. Nf7 Ra2+ 62. Kg3 Ra3+ 63. Kf2 Bd7 64. Rh6+ Kg4 65. Ne5+ Kf5 66. Nxd7 g4 67. Nc5 Ra2+ 68. Kg3 Ra3+ 69. Kg2 Kf4 70.
Ne6+ Ke5 71. Nc5 Kf4 72. Rf6+ Ke5 73. Rf2 Rc3 74. Nd7+ Ke6 75. Nf6 g3 76. Rf1 Ra3 77. Nh5 Ke5 78. Nxg3 Ke6 79. Re1+ Kd5 80. Kf2 Ra2+ 81.
Kf3 Ra3+ 82. Kf4 Ra4+ 83. Kf5 Ra8 84. Rd1+ Kc4 85. Ne4 Rf8+ 86. Ke5 Re8+ 87. Kf4 Rf8+ 88. Ke3 Ra8 89. Rc1+ Kd5 90. Rc5+ Ke6 91. Kf4 Rf8+ 92. Ke3 Ra8 93. Rc6+ Kd5 94. Rd6+ Ke5 95. Rd3 Ra1 96. Nd2 Re1+ 97. Kf2 Ra1 98. Ke2 Ra8 99. Ke3 Rh8 100. Nf3+ Ke6 101. Rd4 Rh1 102. Kf4 Rh8 103. Ng5+ Ke7 104. Re4+ Kf6 105. Nf3 Ra8 106. Rb4 Rc8 107. Rb6+ Kf7 108. Kf5 Rc5+ 109. Ne5+ Ke7 110. Rb7+ Kd8 111. Ke6 Ra5 112. Kd6 Ra6+ 113. Nc6+ Ke8 114. Rb8+ Kf7 115. Rb7+ Kf6 116. Kd5 Ra1 117. Rb8 Kf5 118. Nd4+ Kf4 119. Rf8+ Ke3 120. Ke5 Ra5+ 121. Kd6 Kxd4 122. Re8 Ra6+ 123. Ke7 Rh6 124. Kf7 Rh7+ 125. Kg6 Rh1 126. Rd8+ Ke5 127. Re8+ Kd6 128. Rd8+ Ke7 129. Rd2 Rg1+ 130. Kf5 Rf1+ 131. Ke4 Re1+ 132. Kd3 Rc1 133. Re2+ Kd7 134. Rc2 Rxc2 135. Kxc2 1/2-1/2

[Event "*** SCC Grand Prix: Titled Tuesday Blitz"]
[Site "Chess.com"]
[Date "2020.09.29"]
[Round "10"]
[White "salomez"]
[Black "Sergienko_Sergey"]
[Result "1/2-1/2"]
[WhiteElo "2245"]
[BlackElo "2344"]
[TimeControl "180+1"]
[EndTime "11:49:36 PDT"]
[Termination "Game drawn by agreement"]

1. e4 c5 2. Nf3 a6 3. c3 e6 4. d4 d5 5. exd5 exd5 6. Be2 Nf6 7.
O-O Be7 8. Bg5 c4 9. b3 cxb3 10. axb3 O-O 11. Nbd2 1/2-1/2

[Event "*** SCC Grand Prix: Titled Tuesday Blitz"]
[Site "Chess.com"]
[Date "2020.09.29"]
[Round "10"]
[White "Sesleria"]
[Black "gagtemp"]
[Result "1-0"]
[WhiteElo "2095"]
[BlackElo "1954"]
[TimeControl "180+1"]
[EndTime "11:50:29 PDT"]
[Termination "Sesleria won by resignation"]

1. e4 e6 2. d4 d5 3. Nc3 Bb4 4. e5 c5 5. a3 Bxc3+ 6. bxc3 Ne7 7. Nf3 b6 8. Bb5+ Bd7 9. Bd3 Ba4 10. Ng5 Qc7 11.
O-O h6 12. Qh5 c4 13. Qxf7+ Kd8 14. Nxe6+ 1-0

[Event "*** SCC Grand Prix: Titled Tuesday Blitz"]
[Site "Chess.com"]
[Date "2020.09.29"]
[Round "10"]
[White "monalize"]
[Black "isainz"]
[Result "0-1"]
[WhiteElo "2270"]
[BlackElo "2055"]
[TimeControl "180+1"]
[EndTime "11:51:33 PDT"]
[Termination "isainz won by resignation"]

1. e4 c5 2. Nf3 Nc6 3. d4 cxd4 4.
Nxd4 Nf6 5. Nc3 e5 6. Ndb5 d6 7. Bg5 a6 8. Bxf6 gxf6 9. Na3 b5 10. Nd5 f5 11. Bxb5 axb5 12. Nxb5 Ra5 13. Nbc7+ Kd7 14. Qh5 Rxd5 15. Nxd5 Ke8 16. exf5 Qa5+ 17. c3 Qxd5 18. O-O Qe4 19. a4 Qxf5 20. Qf3 Qxf3 0-1

[Event "*** SCC Grand Prix: Titled Tuesday Blitz"]
[Site "Chess.com"]
[Date "2020.09.29"]
[Round "10"]
[White "BanjoKazooieN64"]
[Black "Jadeit90"]
[Result "1-0"]
[WhiteElo "2488"]
[BlackElo "2338"]
[TimeControl "180+1"]
[EndTime "11:51:52 PDT"]
[Termination "BanjoKazooieN64 won by checkmate"]

1. e4 c5 2. Nc3 Nc6 3. Nf3 g6 4. Bb5 Bg7 5. O-O a6 6. Bxc6 dxc6 7. Re1 e5 8. d3 h6 9. b3 b6 10. a4 a5 11. Nd2 Ne7 12. Nc4 O-O 13. Bd2 g5 14.
Qh5 Ng6 15. g3 Be6 16. Ne3 Qd7 17. Rf1 Nf4 18. gxf4 exf4 19. Nf5 Bxf5 20. exf5 Qxf5 21. Rae1 Rae8 22. Rxe8 Rxe8 23. Re1 Rxe1+ 24. Bxe1 Qe6 25. Bd2 g4 26. f3 Bxc3 27. Bxc3 Qe3+ 28. Kf1 Qxf3+ 29.
Ke1 Qh1+ 30. Kd2 Qg2+ 31. Kc1 g3 32. Qxh6 gxh2 33. Qh8# 1-0

[Event "*** SCC Grand Prix: Titled Tuesday Blitz"]
[Site "Chess.com"]
[Date "2020.09.29"]
[Round "10"]
[White "anon569"]
[Black "ZverevLev"]
[Result "0-1"]
[WhiteElo "2248"]
[BlackElo "2360"]
[TimeControl "180+1"]
[EndTime "11:51:55 PDT"]
[Termination "ZverevLev won by resignation"]

1. e4 e5 2. Nf3 Nc6 3. Bb5 a6 4. Ba4 Nf6 5. O-O Be7 6. Re1 b5 7. Bb3 d6 8. c3 O-O 9. h3 Na5 10. Bc2 c5 11. d4 cxd4 12. cxd4 Bb7 13. Nbd2 Rc8 14. dxe5 dxe5 15. Nxe5 Qc7 16. a4 b4 0-1

[Event "*** SCC Grand Prix: Titled Tuesday Blitz"]
[Site "Chess.com"]
[Date "2020.09.29"]
[Round "10"]
[White "josorio78"]
[Black "pastouche06"]
[Result "1-0"]
[WhiteElo "2335"]
[BlackElo "2453"]
[TimeControl "180+1"]
[EndTime "11:52:28 PDT"]
[Termination "josorio78 won by resignation"]

1. Nf3 d5 2. g3 Nf6 3. Bg2 c5 4. O-O Nc6 5. d3 g6 6. Nbd2 Bg7 7. e4 e6 8. Re1 O-O 9. exd5 Nxd5 10. a4 b6 11. Nc4 Bb7 12. c3 Re8 13. a5 b5 14.
a6 Bc8 15. Ne3 Qb6 16. Nxd5 Qd8 17. Ne3 Bd7 18. Nf1 Qb6 19. Be3 e5 20. Qb3 Be6 21. Qa3 b4 22. Qa4 Rac8 23. Ng5 Bd7 24. Qb3 Re7 25. Bd5 Be8 26. Ne4 Nd8 27. cxb4 Qxb4 28.
Qxb4 cxb4 29. Bc4 Nc6 30. Nd6 Rd8 31. Nxe8 Rexe8 32. Bb5 Re6 33. Bxc6 Rxc6 34. Rec1 1-0

[Event "*** SCC Grand Prix: Titled Tuesday Blitz"]
[Site "Chess.com"]
[Date "2020.09.29"]
[Round "10"]
[White "TheMagnet"]
[Black "alexgo05"]
[Result "1-0"]
[WhiteElo "2580"]
[BlackElo "2429"]
[TimeControl "180+1"]
[EndTime "11:52:37 PDT"]
[Termination "TheMagnet won by resignation"]

1. d4 Nf6 2. c4 g6 3. Nc3 Bg7 4. e4 d6 5. f4 O-O 6. Nf3 c5 7.
d5 e6 8. Be2 exd5 9. cxd5 b5 10. e5 dxe5 11. fxe5 Ng4 12. Bg5 Qb6 13. O-O Bb7 14.
Be7 Re8 15. d6 c4+ 16. Kh1 Nd7 17. Nd5 Nf2+ 18. Rxf2 Qxf2 19. Nc7 Nxe5 20. Nxe8 Rd8 21. Bxd8 1-0

[Event "*** SCC Grand Prix: Titled Tuesday Blitz"]
[Site "Chess.com"]
[Date "2020.09.29"]
[Round "10"]
[White "carlsen1001"]
[Black "GmSergioBarrientos"]
[Result "0-1"]
[WhiteElo "2434"]
[BlackElo "2682"]
[TimeControl "180+1"]
[EndTime "11:52:49 PDT"]
[Termination "GmSergioBarrientos won by resignation"]

1. e4 c5 2. Nf3 d6 3. d4 Nf6 4. Nc3 cxd4 5. Nxd4 a6 6. Bg5 e6 7. f4 h6 8. Bh4 Be7 9. Qf3 Qc7 10. O-O-O Nbd7 11. Bd3 b5 12. Rhe1 Bb7 13. Qg3 Rg8 14. Kb1 g5 15. fxg5 hxg5 16. Bxg5 Qc5 17. Nf3 Nh5 18.
Be3 Nxg3 19. Bxc5 Nxc5 20. hxg3 Rxg3 21. Bf1 O-O-O 22. a3 Rdg8 23. Ne2 R3g4 24. e5 Kc7 25. exd6+ Bxd6 26. Ned4 Bd5 27. Kc1 Bg3 28. Re2 Bc4 29. Re5 Bxe5 30. Nxe5 Rxd4 31. Rxd4 Bxf1 32. Rf4 Bxg2 33.
Rxf7+ Kd6 0-1

[Event "*** SCC Grand Prix: Titled Tuesday Blitz"]
[Site "Chess.com"]
[Date "2020.09.29"]
[Round "10"]
[White "guillembaches"]
[Black "kidagent"]
[Result "1-0"]
[WhiteElo "2418"]
[BlackElo "2293"]
[TimeControl "180+1"]
[EndTime "11:52:50 PDT"]
[Termination "guillembaches won by resignation"]

1. e4 c5 2. Nf3 d6 3. d4 cxd4 4.
Qxd4 Bd7 5. c4 Nc6 6. Qe3 Nf6 7. Nc3 g6 8. h3 Bg7 9. Be2 O-O 10. O-O a6 11. Rd1 Rc8 12. Bd2 Qc7 13. Rac1 Qb8 14. b3 Rfd8 15. Qd3 Nb4 16. Qb1 b5 17. a3 Nc6 18.
cxb5 axb5 19. Bxb5 Na5 20. Bxd7 Rxd7 21. Nd4 Ne8 22.
Ncb5 Nb7 23. Nc6 Qa8 24. Nca7 Rb8 25. Be3 Nc5 26. Bxc5 1-0

[Event "*** SCC Grand Prix: Titled Tuesday Blitz"]
[Site "Chess.com"]
[Date "2020.09.29"]
[Round "10"]
[White "FMalexhdez"]
[Black "AniJak"]
[Result "0-1"]
[WhiteElo "2242"]
[BlackElo "2382"]
[TimeControl "180+1"]
[EndTime "11:52:53 PDT"]
[Termination "AniJak won by resignation"]

1. e4 c6 2. d4 d5 3. exd5 cxd5 4. Bd3 Nc6 5. c3 Qc7 6. Ne2 Bg4 7. f3 Bh5 8. Bf4 Qc8 9. Nd2 e6 10. O-O Nge7 11.
Bd6 Ng6 12. Bxf8 Nxf8 13. Nf4 Bg6 14. Nxg6 hxg6 15. f4 Nd7 16. Nf3 Qc7 17. Qd2 O-O-O 18. b4 Kb8 19. a4 Rc8 20. a5 Ne7 21. Rfc1 Nf5 22. b5 Qd6 23. c4 dxc4 24. Bxc4 Nf6 25. b6 a6 26. Qd3 Qxf4 27. Bxa6 Rxc1+ 0-1

[Event "*** SCC Grand Prix: Titled Tuesday Blitz"]
[Site "Chess.com"]
[Date "2020.09.29"]
[Round "10"]
[White "ChrisTool2"]
[Black "Snowflake"]
[Result "1-0"]
[WhiteElo "2352"]
[BlackElo "2462"]
[TimeControl "180+1"]
[EndTime "11:52:56 PDT"]
[Termination "ChrisTool2 won by checkmate"]

1. e4 e6 2. d4 d5 3. Nc3 Nf6 4. e5 Nfd7 5. f4 c5 6. Nf3 Nc6 7. Be3 a6 8. Qd2 b5 9. Be2 g6 10. Nd1 Bb7 11. c3 Rc8 12. O-O h5 13. Nf2 Be7 14.
Rae1 Qa5 15. dxc5 Qc7 16. b4 O-O 17. Nd4 Rfe8 18. g4 hxg4 19. Nxg4 Kg7 20. Rf2 Rh8 21. Rg2 Kf8 22. Bd3 Bh4 23. Rf1 Ne7 24. Bf2 Bc6 25. Bxh4 Rxh4 26. Nf6 Nxf6 27. exf6 Ng8 28. Rxg6 Bd7 29.
Rxg8+ Kxg8 30. Qg2+ Rg4 31. Qxg4+ Kf8 32. Qg7+ Ke8 33. Qg8# 1-0

[Event "*** SCC Grand Prix: Titled Tuesday Blitz"]
[Site "Chess.com"]
[Date "2020.09.29"]
[Round "10"]
[White "stanyga"]
[Black "ajgreen"]
[Result "1-0"]
[WhiteElo "2625"]
[BlackElo "2397"]
[TimeControl "180+1"]
[EndTime "11:53:29 PDT"]
[Termination "stanyga won by resignation"]

1. d4 f5 2. g3 Nf6 3. Bg2 d6 4. c4 g6 5. Nc3 Bg7 6. Nf3 O-O 7. O-O Qe8 8. Rb1 a5 9. a3 c6 10. b4 axb4 11. axb4 e5 12. d5 Na6 13. dxc6 e4 14.
cxb7 Bxb7 15. Nd4 Ng4 16. Ncb5 Qe7 17. Bf4 Ne5 18. Qb3 Kh8 19. Rfd1 Rac8 20. Rbc1 g5 21. Bxg5 Qxg5 22. Nxd6 Qe7 23. N4xf5 Rxf5 24. Nxf5 Qf7 25. Nd6 1-0

[Event "*** SCC Grand Prix: Titled Tuesday Blitz"]
[Site "Chess.com"]
[Date "2020.09.29"]
[Round "10"]
[White "rasmussvane"]
[Black "Radzio1987"]
[Result "1-0"]
[WhiteElo "2905"]
[BlackElo "2830"]
[TimeControl "180+1"]
[EndTime "11:53:30 PDT"]
[Termination "rasmussvane won by resignation"]

1. Nf3 Nf6 2. g3 b6 3. Bg2 Bb7 4. O-O g6 5. d4 Bg7 6. c4 O-O 7. Re1 c5 8. d5 b5 9. e4 d6 10. e5 Nfd7 11. e6 fxe6 12. Ng5 Bd4 13. Nxe6 Bxf2+ 14. Kh1 Qa5 15. Bd2 Qa4 16. b3 Qa6 17.
Nxf8 Bxe1 18. Qxe1 Kxf8 19. Nc3 Qb6 20. Qe6 Nf6 21.
Rf1 1-0

[Event "*** SCC Grand Prix: Titled Tuesday Blitz"]
[Site "Chess.com"]
[Date "2020.09.29"]
[Round "10"]
[White "exoticprincess"]
[Black "liczner"]
[Result "1-0"]
[WhiteElo "2899"]
[BlackElo "2705"]
[TimeControl "180+1"]
[EndTime "11:53:37 PDT"]
[Termination "exoticprincess won on time"]

1. e4 c6 2. c4 d5 3. cxd5 cxd5 4. exd5 Nf6 5. Qa4+ Nbd7 6. Nc3 g6 7. Nf3 Bg7 8. Bc4 O-O 9. d3 a6 10. Qa3 Nb6 11. Qb3 Nxc4 12. dxc4 b5 13. O-O bxc4 14. Qxc4 e6 15. Rd1 Nxd5 16. Bg5 Qb6 17. Rab1 Bb7 18. Qh4 Nxc3 19. bxc3 Qc7 20. Bf4 Qc8 21. Ne5 f6 22. Rd7 Bd5 23. Bh6 fxe5 24. Rxg7+ Kh8 25. Qe7 1-0

[Event "*** SCC Grand Prix: Titled Tuesday Blitz"]
[Site "Chess.com"]
[Date "2020.09.29"]
[Round "10"]
[White "Martins-BR"]
[Black "rududuyk"]
[Result "1-0"]
[WhiteElo "2299"]
[BlackElo "2151"]
[TimeControl "180+1"]
[EndTime "11:53:42 PDT"]
[Termination "Martins-BR won by resignation"]

1. e4 e6 2. d4 d5 3. Nc3 Bb4 4.
e5 c5 5. Bd2 cxd4 6. Nb5 Bc5 7.
b4 Be7 8. f4 Nc6 9. Nf3 Qb6 10.
a4 Nxb4 11. Nfxd4 a6 12. Bxb4 Bxb4+ 13. c3 axb5 14. Bxb5+ Bd7 15. Bxd7+ Kxd7 16. cxb4 Qxb4+ 17. Kf2 Qb2+ 18. Kg3 Ne7 19. Kh3 Rhc8 20. Rb1 Qc3+ 21. g3 Rc7 22. Nb5 Rc6 23. Nxc3 1-0

[Event "*** SCC Grand Prix: Titled Tuesday Blitz"]
[Site "Chess.com"]
[Date "2020.09.29"]
[Round "10"]
[White "Kislov_Oleg"]
[Black "shriyanasmallya"]
[Result "1-0"]
[WhiteElo "2317"]
[BlackElo "1627"]
[TimeControl "180+1"]
[EndTime "11:53:45 PDT"]
[Termination "Kislov_Oleg won by checkmate"]

1. e4 e5 2. Nf3 Nc6 3. d4 exd4 4.
Nxd4 Bc5 5. Be3 Qf6 6. c3 Nge7 7. Bc4 O-O 8. O-O b6 9. Nxc6 Qxc6 10. Bxc5 Qxc5 11. Nd2 Bb7 12. b4 Qg5 13. f4 Qf6 14. e5 Qg6 15. Nf3 d5 16. exd6 cxd6 17. Qd2 Rac8 18. Bb3 Qf6 19. Nd4 Qg6 20. Rae1 Rxc3 21.
Rxe7 Rd3 22. Qf2 Rxd4 23. Rxb7 Rxb4 24. Qe1 Re4 25. Qc3 Re2 26. Qf3 Rd2 27. Rxf7 Rxf7 28. Qa8# 1-0

[Event "*** SCC Grand Prix: Titled Tuesday Blitz"]
[Site "Chess.com"]
[Date "2020.09.29"]
[Round "10"]
[White "floplover"]
[Black "boasovietica"]
[Result "0-1"]
[WhiteElo "2301"]
[BlackElo "2420"]
[TimeControl "180+1"]
[EndTime "11:53:46 PDT"]
[Termination "boasovietica won by resignation"]

1. d4 Nf6 2. c4 c5 3. d5 b5 4. cxb5 d6 5. Nc3 g6 6. e4 Bg7 7. Bc4 a6 8. Nge2 O-O 9. Qc2 axb5 10. Nxb5 Ba6 11. O-O Qb6 12. Nec3 Nbd7 13. f4 Ne8 14.
Be3 Nc7 15. a4 Bb7 16. Rae1 Na6 17. Rf3 Nb4 18. Qb3 Qd8 19. Rh3 Nb6 20. f5 Nxc4 21.
Qxc4 Nc2 22. Re2 Nxe3 23. Rexe3 Qa5 24. b3 Ba6 25. Reg3 Rfb8 26. Rh4 Bxb5 27. Nxb5 Rxb5 28. Qxb5 Qe1+ 0-1

[Event "*** SCC Grand Prix: Titled Tuesday Blitz"]
[Site "Chess.com"]
[Date "2020.09.29"]
[Round "10"]
[White "almaguerjm"]
[Black "BikingBrian"]
[Result "1-0"]
[WhiteElo "2317"]
[BlackElo "2197"]
[TimeControl "180+1"]
[EndTime "11:53:51 PDT"]
[Termination "almaguerjm won by resignation"]

1. e4 c5 2. Nf3 g6 3. h4 h5 4. Bc4 Bg7 5. c3 e6 6. Qe2 Ne7 7. d3 d5 8. Bb3 Nbc6 9. Bg5 f6 10. Be3 b6 11. Nbd2 Bb7 12. O-O-O O-O 13. Rdg1 Na5 14.
Bc2 f5 15. Ng5 Qd7 16. exf5 exf5 17. Bf4 Rae8 18. Qe6+ Qxe6 19. Nxe6 Rf6 20. Nxg7 Kxg7 21.
Be5 Nac6 22. Bxf6+ Kxf6 23. Nf3 Ne5 24. Nxe5 Kxe5 25.
Re1+ Kf6 26. Re2 d4 27. Rhe1 Bxg2 28. Ba4 Bc6 29. Re6+ Kf7 30. Bxc6 1-0

[Event "*** SCC Grand Prix: Titled Tuesday Blitz"]
[Site "Chess.com"]
[Date "2020.09.29"]
[Round "10"]
[White "anon219"]
[Black "Maghalashvili"]
[Result "1-0"]
[WhiteElo "2751"]
[BlackElo "2696"]
[TimeControl "180+1"]
[EndTime "11:53:53 PDT"]
[Termination "anon219 won by resignation"]

1. e4 c5 2. Nf3 d6 3. d4 cxd4 4. Nxd4 Nf6 5. Nc3 a6 6. g3 e5 7. Nf3 b5 8. a4 b4 9. Nd5 Nxe4 10. Bg2 Bb7 11. O-O Be7 12. Nxe5 Nxf2 13. Rxf2 dxe5 14. Qf3 O-O 15. Nxe7+ Qxe7 16. Qxb7 Qxb7 17. Bxb7 Ra7 18.
Bg2 f5 19. Bd2 a5 20. c3 Na6 21. cxb4 Nxb4 22. Bxb4 axb4 23. b3 e4 24. Raf1 Raf7 25. g4 g6 26. gxf5 gxf5 27. Bxe4 Rg7+ 28. Bg2 1-0

[Event "*** SCC Grand Prix: Titled Tuesday Blitz"]
[Site "Chess.com"]
[Date "2020.09.29"]
[Round "10"]
[White "dodorox"]
[Black "mapleaff"]
[Result "0-1"]
[WhiteElo "2057"]
[BlackElo "2368"]
[TimeControl "180+1"]
[EndTime "11:53:54 PDT"]
[Termination "mapleaff won on time"]

1. d4 Nf6 2. c4 g6 3. Nc3 d5 4. Bf4 Bg7 5. e3 O-O 6. Rc1 c5 7. dxc5 Qa5 8. cxd5 Rd8 9. Bc4 Qxc5 10. Bb3 Qa5 11. Ne2 e6 12. O-O Na6 13. e4 exd5 14.
exd5 Be6 15. Bg5 Nb4 16. Nf4 Bg4 17. f3 Bf5 18. g4 Qb6+ 19. Kg2 Bd7 20. a3 Na6 21.
Qd2 Qxb3 22. Nfe2 Re8 23. Qf4 Qb6 24. Nd4 Qxb2+ 25. Rf2 Qb6 26. Rb1 Qd8 0-1

[Event "*** SCC Grand Prix: Titled Tuesday Blitz"]
[Site "Chess.com"]
[Date "2020.09.29"]
[Round "10"]
[White "DenisQ"]
[Black "francyIM"]
[Result "1-0"]
[WhiteElo "2650"]
[BlackElo "2742"]
[TimeControl "180+1"]
[EndTime "11:54:00 PDT"]
[Termination "DenisQ won by resignation"]

1. Nf3 c5 2. c4 Nc6 3. Nc3 g6 4. e3 Bg7 5. d4 d6 6. d5 Na5 7. Bd3 Nf6 8. O-O O-O 9. h3 a6 10. e4 e5 11. a3 b6 12. b4 Nb7 13. Rb1 Ne8 14. Bc2 Bd7 15. Ba4 cxb4 16. axb4 a5 17. Bc6 Rb8 18. Bxb7 Rxb7 19. bxa5 Qc7 20. a6 Rb8 21.
Qb3 f5 22. Be3 fxe4 23. Nxe4 Bf5 24. Bxb6 Rxb6 25. Qxb6 Bxe4 26. a7 Bxb1 27. Rxb1 Qxb6 28. Rxb6 Nc7 29. Rb7 Na8 30. Ng5 Bh6 31. Ne6 Re8 32. Nc7 Nxc7 33. Rxc7 e4 34. Rb7 e3 35. Rb8 exf2+ 36.
Kf1 1-0

[Event "*** SCC Grand Prix: Titled Tuesday Blitz"]
[Site "Chess.com"]
[Date "2020.09.29"]
[Round "10"]
[White "AliKa2810"]
[Black "x-0414717230"]
[Result "0-1"]
[WhiteElo "2564"]
[BlackElo "2719"]
[TimeControl "180+1"]
[EndTime "11:54:00 PDT"]
[Termination "x-0414717230 won by resignation"]

1. d4 Nf6 2. c4 g6 3. Nc3 Bg7 4. e4 d6 5. h3 O-O 6. Be3 e5 7. d5 a5 8. g4 Na6 9. Qd2 Nc5 10. f3 Ne8 11. Nge2 f5 12. exf5 gxf5 13. O-O-O a4 14.
Kb1 a3 15. b3 Bd7 16. Rg1 Qf6 17. Bg5 Qf7 18. Ng3 Kh8 19. gxf5 Bxf5+ 20. Nge4 Bg6 21.
Bd3 Nxd3 22. Qxd3 Qxf3 23. Kc1 Qxd3 24. Rxd3 Nf6 25. Bxf6 Bxf6 26. Kd2 Bg7 27. Rdg3 Bh6+ 28. Kd3 Rf4 29. Rxg6 hxg6 30. Rxg6 Kh7 31. Re6 Raf8 32. Nb5 R8f7 33. c5 Rh4 34. cxd6 Rf3+ 35. Kc4 Rxe4+ 36. Kc5 Be3+ 0-1

[Event "*** SCC Grand Prix: Titled Tuesday Blitz"]
[Site "Chess.com"]
[Date "2020.09.29"]
[Round "10"]
[White "Kaslask"]
[Black "moventog"]
[Result "0-1"]
[WhiteElo "2321"]
[BlackElo "2244"]
[TimeControl "180+1"]
[EndTime "11:54:00 PDT"]
[Termination "moventog won by resignation"]

1. c4 e6 2. Nc3 d5 3. d4 c5 4.
cxd5 exd5 5. dxc5 d4 6. Na4 b5 7. cxb6 axb6 8. b3 b5 9. Nb2 Nc6 10. e3 Bb4+ 11. Bd2 Ba3 12. Bxb5 Bxb2 13. Bxc6+ Bd7 14. Bxa8 Bxa1 15. Qxa1 Qxa8 16. Nf3 f6 17. Qxd4 Qxa2 18. O-O Ne7 19. Ra1 Qxb3 20. Ra8+ Nc8 21. Qc5 Kf7 22. h3 Re8 23. Bb4 Qb1+ 24. Kh2 Qe4 25. Nd4 Qxa8 26. Qc7 Qd5 27. Nf3 Kg8 28. Nd4 Qe5+ 29. Qxe5 fxe5 0-1

[Event "*** SCC Grand Prix: Titled Tuesday Blitz"]
[Site "Chess.com"]
[Date "2020.09.29"]
[Round "10"]
[White "sergeikim"]
[Black "Schandenfreude"]
[Result "1-0"]
[WhiteElo "2435"]
[BlackElo "2557"]
[TimeControl "180+1"]
[EndTime "11:54:01 PDT"]
[Termination "sergeikim won by resignation"]

1. d4 Nf6 2. c4 e6 3. Nc3 Bb4 4.
Qc2 c5 5. dxc5 Bxc5 6. Nf3 Qb6 7. e3 Qc7 8. Bd3 a6 9. O-O b6 10. Ne4 Be7 11. b3 d6 12. Bb2 Nbd7 13. Nxf6+ Nxf6 14. e4 Bb7 15. e5 dxe5 16. Nxe5 O-O 17. Rfe1 Rac8 18.
Re3 Bd6 19. Rae1 b5 20. Rg3 bxc4 21. bxc4 g6 22. Qd2 Nd7 23. Ng4 e5 24. Qh6 Rce8 25. Rh3 1-0

[Event "*** SCC Grand Prix: Titled Tuesday Blitz"]
[Site "Chess.com"]
[Date "2020.09.29"]
[Round "10"]
[White "mortngabriel"]
[Black "malakismayil"]
[Result "0-1"]
[WhiteElo "2436"]
[BlackElo "2335"]
[TimeControl "180+1"]
[EndTime "11:54:01 PDT"]
[Termination "malakismayil won on time"]

1. e4 e5 2. f4 Bc5 3. Nf3 d6 4. Nc3 Nc6 5. Na4 Bb6 6. Nxb6 axb6 7. Bb5 Qe7 8. d3 Nf6 9. O-O h6 10. Qe1 O-O 11. c3 Bg4 12. Qh4 Rad8 13. Be3 Bxf3 14. Rxf3 Nd5 15. Qxe7 Ndxe7 16. fxe5 dxe5 17. Raf1 f6 18.
Rg3 Kh7 19. Bc4 Na5 20. Be6 Rxd3 21. h4 h5 22. Kh2 Rfd8 23. Re1 Rd1 24. Rxd1 Rxd1 25.
Rf3 Rb1 26. g4 hxg4 0-1

[Event "*** SCC Grand Prix: Titled Tuesday Blitz"]
[Site "Chess.com"]
[Date "2020.09.29"]
[Round "10"]
[White "DarZay"]
[Black "dosto07"]
[Result "0-1"]
[WhiteElo "2102"]
[BlackElo "2297"]
[TimeControl "180+1"]
[EndTime "11:54:05 PDT"]
[Termination "dosto07 won by checkmate"]

1. e4 e5 2. Nf3 Nc6 3. Bc4 Bc5 4.
c3 d6 5. d4 exd4 6. cxd4 Bb6 7.
Ng5 Nh6 8. Nf3 Qf6 9. Bg5 Qg6 10.
O-O Bg4 11. Bxh6 Qxh6 12. h3 Bxf3 13. Qxf3 O-O 14. d5 Ne5 15. Qe2 Rae8 16. Nd2 f5 17. Kh2 Qf4+ 18. g3 Qxd2 19. Qxd2 Nf3+ 20. Kg2 Nxd2 21.
Rfc1 Nxc4 22. Rxc4 fxe4 23. Rf1 e3 24. f4 e2 25. Re1 Re3 26. Rc2 Rfe8 27. b4 a5 28.
a3 Rxa3 29. bxa5 Rxa5 30. Rcxe2 Rxe2+ 31. Rxe2 Rxd5 32. Re8+ Kf7 33. Rb8 Rd2+ 34. Kf3 d5 35. Rxb7 h5 36. g4 Rf2+ 37. Kg3 h4+ 38. Kxh4 Rxf4 39. Kg5 Rf6 40. h4 Be3+ 41. Kh5 Rh6# 0-1

[Event "*** SCC Grand Prix: Titled Tuesday Blitz"]
[Site "Chess.com"]
[Date "2020.09.29"]
[Round "10"]
[White "almo64"]
[Black "Konavets"]
[Result "0-1"]
[WhiteElo "2692"]
[BlackElo "2958"]
[TimeControl "180+1"]
[EndTime "11:54:10 PDT"]
[Termination "Konavets won by resignation"]

1. e4 c5 2. Nf3 d6 3. d4 cxd4 4. Nxd4 Nf6 5. Nc3 g6 6. Be3 Bg7 7. f3 O-O 8. Qd2 Nc6 9. O-O-O d5 10. exd5 Nxd5 11. Nxc6 bxc6 12. Bd4 e5 13. Bc5 Be6 14. Bc4 Re8 15. Bxd5 cxd5 16. Nxd5 Bxd5 17. Qxd5 Qg5+ 18. Qd2 Qf5 19. Kb1 Rac8 20. Be3 e4 21. f4 Qb5 22. b3 Bc3 23. Qd7 Qe2 24. Bc1 e3 25. Qd3 Qxd3 26. Rxd3 e2 27. Rxc3 Rxc3 28. Re1 f6 29.
Bd2 Rc6 30. c4 Kf7 31. Kc2 h6 32. Bb4 g5 33. Kd3 Rce6 34. g3 Re3+ 35. Kd2 gxf4 36. gxf4 a6 37. Bc5 R3e4 38. Bd6 Ke6 39. c5 Kd5 40. Kd3 Rd4+ 41. Kc3 Rd1 0-1

[Event "*** SCC Grand Prix: Titled Tuesday Blitz"]
[Site "Chess.com"]
[Date "2020.09.29"]
[Round "10"]
[White "SergioGarciaFuentes"]
[Black "Trickov"]
[Result "0-1"]
[WhiteElo "2194"]
[BlackElo "2364"]
[TimeControl "180+1"]
[EndTime "11:54:10 PDT"]
[Termination "Trickov won by resignation"]

1. Nf3 d5 2. d4 Nf6 3. g3 c6 4.
Bg2 Bf5 5. O-O h6 6. b3 e6 7. Bb2 Nbd7 8. Nbd2 Be7 9. c4 O-O 10.
Rc1 Ne4 11. Nxe4 Bxe4 12. Re1 Qa5 13. a3 Rfd8 14. b4 Qc7 15. Bh3 Bxf3 16. exf3 dxc4 17. Rxc4 Nb6 18. Rc2 Qd7 19. Rce2 Kh8 20. d5 Qxd5 21. Qa1 Bf8 22. Re5 Qxf3 23. Bg2 Qb3 24. Rh5 Nc4 25.
Rxh6+ Kg8 26. Qb1 gxh6 0-1

[Event "*** SCC Grand Prix: Titled Tuesday Blitz"]
[Site "Chess.com"]
[Date "2020.09.29"]
[Round "10"]
[White "K_A_S_T_O_R"]
[Black "Onischuk_V"]
[Result "1/2-1/2"]
[WhiteElo "2735"]
[BlackElo "2892"]
[TimeControl "180+1"]
[EndTime "11:54:19 PDT"]
[Termination "Game drawn by agreement"]

1. e4 d6 2. d4 Nf6 3. Nc3 g6 4. Nf3 Bg7 5. h3 O-O 6. Be3 d5 7.
exd5 Nxd5 8. Nxd5 Qxd5 9. c3 Nc6 10. Qb3 Be6 11. Qxd5 Bxd5 12. Be2 e5 13. dxe5 Nxe5 14. Nxe5 Bxe5 15. O-O Rad8 16. Rfd1 a6 17. Rd2 Be6 18. Rxd8 Rxd8 19. Bf3 b6 20. Kf1 a5 21.
Ke1 Kf8 22. a3 Ke7 23. Rd1 Rxd1+ 24. Kxd1 Kd6 25. Kd2 Bc4 26. b4 a4 27. g3 Be6 28.
h4 h5 29. Be2 c5 30. Bb5 Bb3 31.
bxc5+ bxc5 32. Kd3 Kd5 33. c4+ Kd6 34. Bc1 Bd4 35.
Bf4+ Ke6 36. Be3 Bxe3 37. Kxe3 Bc2 1/2-1/2